 Dungeon Crawl Stone Soup version 0.28-a0-1199-gef9e1dbd39 (webtiles) character file.

Game seed: 5297251178945779717

361 bearlyready the Slasher (level 6, -2/51 HPs)
             Began as a Minotaur Delver on Dec 20, 2021.
             Was a Follower of Okawaru.
             Slain by an ogre (16 damage)
             ... on level 4 of the Dungeon.
             The game lasted 00:09:21 (4855 turns).

bearlyready the Slasher (Minotaur Delver)           Turns: 4855, Time: 00:09:22

Health: -2/51      AC:  5    Str: 19    XL:     6   Next: 38%
Magic:  16/16      EV: 11    Int:  7    God:    Okawaru [*.....]
Gold:   184        SH:  0    Dex: 11    Spells: 5/5 levels left

rFire   . . .      SeeInvis .   t - +0 long sword
rCold   . . .      Faith    .   (no shield)
rNeg    . . .      Spirit   .   s - +0 ring mail
rPois   .          Reflect  .   (helmet restricted)
rElec   .          Harm     .   (no cloak)
rCorr   .          Rampage  .   (no gloves)
Will    .....                   (no boots)
Stlth   ++........              (no amulet)
HPRegen 0.17/turn               j - ring of magical power
MPRegen 0.15/turn               (no ring)

@: no status effects
A: horns 2, retaliatory headbutt
a: Renounce Religion, Heroism


You were on level 4 of the Dungeon.
You worshipped Okawaru.
Okawaru was aware of your devotion.
You visited 2 branches of the dungeon, and saw 6 of its levels.

You collected 184 gold pieces.

Inventory:

Hand Weapons
 a - a +0 falchion
 k - a +0 shortbow
 t - a +0 long sword (weapon)
Missiles
 i - 24 arrows
 v - 5 bolts
 x - 3 boomerangs (quivered)
 B - 17 poisoned darts
Armour
 b - a +0 leather armour
 s - a +0 ring mail (worn)
 u - a +0 kite shield
 y - a +2 tower shield of reflection
Jewellery
 j - a ring of magical power (left hand)
Wands
 g - a wand of digging (3)
 l - a wand of flame (11)
 o - a wand of paralysis (6)
Scrolls
 c - a scroll of fog
 d - a scroll of magic mapping
 e - 2 scrolls of fear
 f - a scroll of enchant weapon {unknown}
 h - a scroll of amnesia {unknown}
 p - 2 scrolls of identify {unknown}
 r - a scroll of noise {unknown}
 w - a scroll of immolation {unknown}
 A - a scroll of brand weapon {unknown}
Potions
 m - 2 potions of might {unknown}
 n - a potion of attraction {unknown}
 q - a potion of berserk rage {unknown}
 z - a potion of flight {unknown}
 C - a potion of ambrosia {unknown}


   Skills:
 - Level 3.6 Fighting
 + Level 7.4 Long Blades
 - Level 2.1 Dodging
 - Level 4.1 Stealth
 + Level 2.8 Invocations


You had 5 spell levels left.
You didn't know any spells.
Your spell library was empty.

Dungeon Overview and Level Annotations

Branches:
Dungeon (5/15)             Temple (1/1) D:5

Altars:
Ashenzari
Cheibriados
Dithmenos
Elyvilon
Fedhas
Gozag
Hepliaklqana
Kikubaaqudgha
Makhleb
Nemelex Xobeh
Okawaru
Qazlal
Ru
Sif Muna
Trog
Uskayaw
Vehumet
Xom
Yredelemnul
The Shining One


Innate Abilities, Weirdness & Mutations

You have a pair of horns on your head.
You reflexively headbutt those who attack you in melee.


Message History

No target in view!
There is an escape hatch in the floor here.
Found a robe.
No target in view!
No target in view!
You open the door.
There is an open door here.
Found a stone staircase leading up.
No target in view!
Done exploring.
No target in view!
Done exploring.
Done exploring.
There is an open door here.
There is an escape hatch in the floor here.
You slide downwards.
The hatch slams shut behind you.
Things that are here:
a +0 scale mail; a +0 club An ogre comes into view.
It is wielding a +0 giant club.
You see here 12 gold pieces.
The ogre shouts!
The gnoll shouts!
You hear a shout! x2
Found a stone staircase leading down.
You hear a shout!
The ogre hits you with a +0 giant club!!
Ouch! That really hurt!
You hear a shout!
You are too injured to fight recklessly!
You slash the ogre!
You headbutt the ogre, but do no damage.
The ogre is moderately wounded.
The ogre barely misses you. The gnoll closely misses you.
The gnoll hits you from afar with a +0 spear.
* * * LOW HITPOINT WARNING * * *
A goblin comes into view. It is wielding a +0 dagger.
You slash the goblin!
You kill the goblin!
Okawaru accepts your kill. The gnoll closely misses you.
The ogre hits you with a +0 giant club!
You die...

###..####.#####.##.#..#######
##.# #.# #..#..........###
#.# #.# #.#.............# #.#
...#####...#.######.#.# #.#
......##..##.# #.#.# ...
...........##.# ##.#.###
.......$.##.# #.......
.......#.##.# #.......
.#....#@Oo..# #.......
##.##)#.##.# #....... #.
#...g.... #....... .
..^.....#.# #.......
##.####.####.# #....... # ...
# ######.. #.# #... #># #.#.
#<#.


You could see an ogre, a gnoll and an orc.

Vanquished Creatures
  Sigmund (D:2)
  A hound (D:5)
  An orc priest (D:4)
  Robin (D:3)
  2 gnolls (D:4)
  4 adders
  An adder skeleton (D:3)
  2 worms (D:2)
  A dart slug (D:3)
  2 orcs (D:4)
  6 endoplasms
  14 goblins
  8 hobgoblins
  4 quokkas
  5 ball pythons
  3 bats
  3 frilled lizards
  7 kobolds
  4 rats
70 creatures vanquished.

Notes
Turn   | Place    | Note
-------+----------+-------------------------------------------
     0 | D:5      | bearlyready the Minotaur Delver began the quest for the
                  | Orb.
     0 | D:5      | Reached XP level 1. HP: 19/19 MP: 0/0
    12 | D:4      | Noticed an orc priest
    26 | D:4      | Killed an orc priest
    27 | D:4      | Reached skill level 4 in Long Blades
    27 | D:4      | Reached XP level 2. HP: 9/26 MP: 1/1
    27 | D:4      | Reached XP level 3. HP: 10/31 MP: 2/2
   597 | D:5      | Found a staircase to the Ecumenical Temple.
   616 | D:5      | Reached skill level 5 in Long Blades
   616 | D:5      | Reached XP level 4. HP: 17/39 MP: 3/3
   618 | Temple   | Entered the Ecumenical Temple
  1091 | Temple   | Became a worshipper of Warmaster Okawaru
  1827 | D:3      | Reached skill level 6 in Long Blades
  2124 | D:3      | Noticed Robin
  2128 | D:3      | Reached XP level 5. HP: 43/45 MP: 4/4
  2195 | D:3      | Killed Robin
  3103 | D:1      | Reached skill level 1 in Invocations
  3128 | D:1      | Found a faded altar of an unknown god.
  4140 | D:2      | Noticed Sigmund
  4153 | D:2      | Killed Sigmund
  4153 | D:2      | Reached * piety under Okawaru
  4154 | D:2      | Reached skill level 7 in Long Blades
  4154 | D:2      | Reached XP level 6. HP: 50/51 MP: 7/7
  4855 | D:4      | Slain by an ogre

Illustrated notes

Levels and vault maps discovered:
D:1:      psy_arrival_statuary, layout_basic,
          hellmonk_ecumenical_altar_heavens_door
D:2:      layout_loops_corners, serial_glass, glass_columns_b, glass_columns_a,
          uniq_sigmund
D:3:      minmay_general_purpose_star, layout_basic, minmay_misc_feat_iff,
          uniq_robin
D:4:      layout_loops_ring, uniq_edmund
D:5:      layout_loops_ring, minmay_temple_entry_junction_2, nicolae_sextant,
          uniq_eustachio
Temple:   mainiacjoe_temple_cubbyholes

Skill      XL: |  1  2  3  4  5 |
---------------+----------------+-----
Long Blades    | 4 5 6 7 |  7.4
Invocations    | 2 |  2.8
Fighting       | |  3.6
Dodging        | |  2.1
Stealth        | |  4.1

Action                   |  1- 3 |  4- 6 || total
-------------------------+-------+-------++-------
Melee: Falchion          |    27 |    86 ||   113
       Headbutt          |     3 |    30 ||    33
       Long sword        |       |    63 ||    63
  Use: Potion            |       |     1 ||     1
 Stab: Sleeping          |     1 |    10 ||    11
Armor: Leather armour    |     4 |    28 ||    32
       Ring mail         |       |    10 ||    10
Dodge: Dodged            |    26 |    84 ||   110

Table legend: (Time is in decaauts)
 A = Elapsed time spent in this place.
 B = Non-inter-level travel time spent in this place.
 C = Inter-level travel time spent in this place.
 D = Time resting spent in this place.
 E = Time spent auto-exploring this place.
 F = Levels seen in this place.
 G = Mean time per level.
                   A        B        C        D        E       F      G
               +--------+--------+--------+--------+--------+-----+--------+
         Total |   4847 |   4581 |    266 |    329 |   3350 |   6 |  807.8 |
       Dungeon |   4332 |   4126 |    206 |    329 |   2899 |   5 |  866.4 |
        Temple |    515 |    455 |     60 |      0 |    451 |   1 |  515.0 |
               +--------+--------+--------+--------+--------+-----+--------+

Top non-repeatable levels by time:
     D:3: 1328 daAuts
     D:1: 1031 daAuts
     D:2: 1012 daAuts
     D:4: 525 daAuts
  Temple: 515 daAuts
     D:5: 433 daAuts
